AoeStats
← tomhatherz

MegaRandom

510175226Analyzed
2v2 RM · 2d ago on Sep 29, 2026· 61m 27s· 4 players
Game mode
Random Map
Map size
Medium (4 player)
Population
200
Speed
Normal
Resources
Standard
Victory
Conquest
Starting age
Dark Age
Ending age
Imperial Age
RankedLock teamsTeams togetherTeam positionsShared explorationLock speedFull tech treeHidden civsTurbo modeCheats
Victory
Defeat
🇨🇴 Mongols · Colombia
1113
+15
🇨🇴 Varangians · Colombia
1094
+16
🇬🇧 Magyars · United Kingdom
1107
-16
🇬🇧 Britons · United Kingdom
1085
-15
Shambles
0:34 Loom
10:13 Feudal Age
13:50 Castle Age
13:08 Double-Bit Axe
16:08 Horse Collar
22:22 Wheelbarrow
23:10 Scale Barding Armor
25:42 Chain Barding Armor
26:07 Bloodlines
37:51 Imperial Age
42:03 Plate Barding Armor
46:04 Cavalier
48:44 Paladin
50:12 Paladin
50:55 Husbandry
55:15 Light Cavalry
56:29 Elite Skirmisher
57:00 Fletching
57:27 Padded Archer Armor
58:06 Bodkin Arrow
58:56 Bracer
59:11 Leather Archer Armor
60:27 Ring Archer Armor
tomhatherz
9:07 Feudal Age
7:26 Loom
11:58 Double-Bit Axe
14:34 Town Watch
17:14 Castle Age
15:02 Town Watch
17:29 Crossbowman
18:02 Fletching
21:22 Bodkin Arrow
23:22 Wheelbarrow
24:55 Ballistics
26:07 Bow Saw
26:02 Gold Mining
26:18 Horse Collar
27:57 Padded Archer Armor
32:32 Stone Mining
38:45 Imperial Age
38:57 Arbalester
39:44 Bracer
40:00 Leather Archer Armor
60:33 Elite Skirmisher
Ctrl Gio
0:30 Loom
8:45 Feudal Age
10:16 Town Watch
13:53 Castle Age
12:16 Double-Bit Axe
14:40 Fletching
21:40 Gold Mining
23:10 Padded Archer Armor
24:35 Bodkin Arrow
25:32 Horse Collar
27:20 Wheelbarrow
27:49 Leather Archer Armor
27:49 Bloodlines
28:36 Husbandry
29:27 Ballistics
32:45 Hand Cart
37:23 Imperial Age
35:26 Bow Saw
35:56 Gold Shaft Mining
36:40 Forging
37:41 Heavy Cavalry Archer
38:47 Parthian Tactics
38:50 Bracer
39:46 Light Cavalry
42:22 Chemistry
42:46 Iron Casting
42:28 Hussar
43:40 Capped Ram
46:30 Blast Furnace
46:29 Siege Ram
47:40 Drill
47:41 Conscription
48:21 Elite Steppe Lancer
59:28 Coinage
AndGio1
0:30 Loom
9:51 Feudal Age
18:15 Castle Age
16:24 Scale Barding Armor
17:51 Forging
18:12 Double-Bit Axe
19:45 Town Watch
20:29 Squires
20:17 Fishing Lines
24:23 Gillnets
25:48 Fletching
25:46 Pikeman
28:05 Wheelbarrow
30:35 Bodkin Arrow
33:29 Imperial Age
31:49 Hand Cart
33:50 Iron Casting
33:16 Scale Mail Armor
34:21 Halberdier
37:17 Bracer
38:18 Blast Furnace
37:34 Chain Mail Armor
40:21 Bow Saw
40:12 Gold Mining
41:24 Plate Mail Armor
42:17 Elite Skirmisher
43:25 Horse Collar
46:07 Chemistry
47:22 Medium Warships
47:29 Medium Warships
47:47 Ballistics
48:43 Elite Longship
54:40 Heavy Warships
55:43 Conscription
56:40 Padded Archer Armor
59:54 Heavy Plow
61:07 Clinker Construction
61:08 Careening
61:44 Gambesons
Connection lost

Rejoining the realm…

Still unreachable

The connection could not be restored.

Session expired

The server has moved on; the page needs a fresh start.